 Dungeon Crawl Stone Soup version 0.23.1 (webtiles) character file.

Game seed: 0

74 Iflex the Grave Robber (level 4, -4/31 HPs)
             Began as a Vampire Necromancer on Mar 19, 2019.
             Slain by an orc
             ... wielding a +0 hand axe
              (8 damage)
             ... on level 3 of the Dungeon.
             The game lasted 00:14:33 (5181 turns).

Iflex the Grave Robber (Vampire Necromancer)        Turns: 5181, Time: 00:14:34

Health: -4/31      AC:  2    Str:  7    XL:     4   Next: 9%
Magic:  6/7        EV: 13    Int: 18    God:
Gold:   161        SH:  0    Dex: 14    Spells: 7/8 levels left

rFire    . . .     SeeInvis +   i - +2 dagger (freeze)
rCold    . . .     Gourm    .   (no shield)
rNeg     + . .     Faith    .   a - +0 robe
rPois    .         Spirit   .   (no helmet)
rElec    .         Reflect  .   (no cloak)
rCorr    .         Harm     .   (no gloves)
MR       .....                  (no boots)
Stlth    ++........             (no amulet)
HPRegen  0.10/turn              (no ring)
MPRegen  0.10/turn              (no ring)

@: no status effects
A: fangs 3, see invisible, unbreathing
a: Bat Form


You were on level 3 of the Dungeon.
You were not thirsty.

You visited 1 branch of the dungeon, and saw 4 of its levels.

You collected 161 gold pieces.

Inventory:

Hand Weapons
 i - a +2 dagger of freezing (weapon)
Armour
 a - a +0 robe (worn)
Jewellery
 d - an uncursed amulet of faith {unknown}
 g - an uncursed amulet of the gourmand {unknown}
 p - a cursed amulet of inaccuracy {unknown}
Scrolls
 e - a scroll of noise {unknown}
 l - 2 scrolls of identify
Potions
 b - 2 potions of curing
 c - 11 potions of blood
 f - a potion of degeneration {unknown}
 h - a potion of haste
 j - a potion of heal wounds {unknown}
 k - 2 potions of flight
 m - a potion of magic {unknown}
 n - a potion of brilliance {unknown}
 o - a potion of resistance {unknown}


   Skills:
 + Level 0.4 Fighting
 * Level 2.5 Dodging
 + Level 3.4 Stealth
 + Level 2.5 Spellcasting
 * Level 5.4 Necromancy


You had 7 spell levels left.
You knew the following spells:

 Your Spells              Type           Power        Failure   Level  Hunger
a - Pain                  Necr           ###.         1%          1    #......

Your spell library contained the following spells:

 Spells                   Type           Power        Failure   Level  Hunger
 Animate Skeleton         Necr           N/A          1%          1    #......
 Vampiric Draining        Necr           ###.......   5%          3    ###....
 Regeneration             Chrm/Necr      ##........   17%         3    ###....
 Animate Dead             Necr           N/A          19%         4    #####..


Dungeon Overview and Level Annotations

Branches:
Dungeon (4/15)
 Temple: D:4-7

Altars:
Nemelex Xobeh


Innate Abilities, Weirdness & Mutations

You have razor-sharp teeth.
You have supernaturally acute eyesight. (SInv)
You can survive without breathing.


Message History

The orc hits you with a +0 hand axe. The orc hits you with a +0 short sword.
An orc comes into view. It is wielding a +0 dagger.
Casting: Pain (safe; 1% risk of failure)
Confirm with . or Enter, or press ? or * to list all spells.
Aiming: Pain (safe; 1% risk of failure)
Press: ? - help, Shift-Dir - straight line, f - orc
Aim: an orc, wielding a +0 hand axe (chance to defeat MR: 91%)
The orc writhes in agony!
The orc hits you with a +0 hand axe. x2
The orc hits you with a +0 short sword. The orc hits you with a +0 hand axe.
* * * LOW HITPOINT WARNING * * *
The orc hits you with a +0 hand axe.
* * * LOW HITPOINT WARNING * * *
The orc hits you but does no damage.
You climb upwards.
There is a stone staircase leading down here.
You closely miss the orc.
The orc is almost dead.
The orc hits you with a +0 hand axe!
You die...

.......###########.# #.#
.......###########.# #.#
.......#.........#.# #.#
.......#.#######.#.######
#.#
######.#.#..<..#........###
#.#
#.#.#.#.#.#..........#####.#
#.#.#.#.#.#................#
#.#.#.#.#.#o#+##...........#
#.#.#.#.#.#@o........(......
#.#...#...#o##############.#
#.#########.................
#........)....############..
###########.#.# #########
#^#.######.....#
#.#......'.....#
#.########.....#
#.#####........#


You could see 3 orcs.

Vanquished Creatures
  An adder (D:3)
  4 worms
  2 leopard geckos (D:1)
  2 giant cockroaches (D:1)
  6 goblins
  5 hobgoblins
  5 jackals
  8 kobolds
  6 bats
  4 frilled lizards
  7 rats
50 creatures vanquished.

Notes
Turn   | Place    | Note
-------+----------+-------------------------------------------
     0 | D:1      | Iflex the Vampire Necromancer began the quest for the Orb.
     0 | D:1      | Reached XP level 1. HP: 13/13 MP: 3/3
   719 | D:1      | Reached XP level 2. HP: 11/19 MP: 3/5
  1608 | D:1      | Reached skill level 5 in Necromancy
  1962 | D:1      | Reached XP level 3. HP: 14/25 MP: 0/6
  2469 | D:2      | Found a sparkling altar of Nemelex Xobeh.
  4352 | D:3      | Reached XP level 4. HP: 14/31 MP: 1/7
  5181 | D:3      | Slain by an orc

Skill      XL: |  1  2 |
---------------+-------+-----
Necromancy     | 5 |  5.4
Fighting       | |  0.4
Dodging        | |  2.5
Stealth        | |  3.4
Spellcasting   | |  2.5

Action                   |  1- 3 |  4- 6 || total
-------------------------+-------+-------++-------
Melee: Unarmed           |    46 |       ||    46
       Bite              |     6 |     1 ||     7
       Dagger            |    10 |     4 ||    14
 Cast: Pain              |    76 |     8 ||    84
 Abil: End Transformatio |       |     1 ||     1
       Bat Form          |       |     1 ||     1
  Use: Potion            |     7 |     4 ||    11
       Scroll            |     3 |       ||     3
Armor: Robe              |    13 |     2 ||    15
Dodge: Dodged            |    55 |     6 ||    61
